 Dungeon Crawl Stone Soup version 0.27-a0-1278-g6cbc8dfb29 (webtiles) character file.

Game seed: 5469774348193656878

7151 bobarctor the Thaumaturge (level 10, -3/51 HPs)
             Began as a Deep Elf Necromancer on June 12, 2021.
             Was a High Priest of Okawaru.
             Slain by a komodo dragon (25 damage)
             ... on level 1 of the Lair of Beasts.
             The game lasted 01:05:36 (13106 turns).

bobarctor the Thaumaturge (Deep Elf Necromancer)   Turns: 13106, Time: 01:05:36

Health: -3/51      AC:  7    Str:  5    XL:     10   Next: 86%
Magic:  1/39       EV: 15    Int: 23    God:    Okawaru [*****.]
Gold:   522        SH:  0    Dex: 22    Spells: 8/37 levels left

rFire    . . .     SeeInvis .   S - +2 whip (venom)
rCold    . . .     Faith    .   (no shield)
rNeg     . . .     Spirit   .   Z - +0 steam dragon scales
rPois    .         Reflect  .   (helmet restricted)
rElec    .         Harm     .   (no cloak)
rCorr    .         Rampage  .   (no gloves)
Will     +....                  C - +1 pair of boots
Stlth    +++.......             (no amulet)
HPRegen  0.17/turn              z - ring of magical power
MPRegen  0.26/turn              U - +6 ring of dexterity

@: no status effects
A: horns 1, MP-powered wands
a: Renounce Religion, Heroism, Finesse


You were on level 1 of the Lair of Beasts.
You worshipped Okawaru.
Okawaru was extremely pleased with you.
You visited 3 branches of the dungeon, and saw 10 of its levels.
You also visited: Ossuary.

You collected 1294 gold pieces.
You spent 772 gold pieces at shops.

Inventory:

Hand Weapons
 o - a +0 short sword of protection
 v - a +2 short sword of holy wrath
 E - a +5 dagger
 H - a +0 shortbow
 I - a +1 flail of protection
 S - a +2 whip of venom (weapon)
 W - a +0 hand crossbow
 X - a +2 whip of freezing
Missiles
 d - 261 stones (quivered)
 i - 138 arrows
 n - 31 poisoned darts
 q - 31 bolts
 A - 4 curare-tipped darts
 F - 6 boomerangs
Armour
 a - a +0 robe
 C - a +1 pair of boots (worn)
 L - a +0 helmet
 Z - +0 steam dragon scales (worn)
Jewellery
 h - a ring of ice
 z - a ring of magical power (left hand)
 K - a ring of wizardry
 O - a ring of protection from fire
 U - a +6 ring of dexterity (right hand)
Wands
 c - a wand of flame (52)
 D - a wand of paralysis (3)
 J - a wand of iceblast (9)
 P - a wand of polymorph (15)
Scrolls
 k - a scroll of enchant armour
 l - 2 scrolls of vulnerability
 m - 3 scrolls of immolation
 p - 5 scrolls of identify
 s - 4 scrolls of teleportation
 x - 2 scrolls of amnesia
 y - 2 scrolls of blinking
 G - a scroll of magic mapping
Potions
 b - 5 potions of heal wounds
 e - 2 potions of cancellation
 f - a potion of might {unknown}
 g - 4 potions of curing
 j - 2 potions of flight
 r - 2 potions of invisibility
 Q - a potion of ambrosia
 R - a potion of brilliance
 V - 2 potions of haste


   Skills:
 + Level 0.7 Fighting
 + Level 4.3 Dodging
 + Level 4.2 Stealth
 * Level 14.0 Spellcasting
 * Level 3.9 Conjurations
 + Level 9.0 Necromancy
 + Level 0.6 Transmutations
 + Level 0.9 Fire Magic
 * Level 6.3 Air Magic
 + Level 2.2 Poison Magic
 * Level 6.5 Invocations


You had 8 spell levels left.
You knew the following spells:

 Your Spells              Type           Power      Damage    Failure   Level
a - Pain                  Necr           100%       1d9       1%          1
b - Animate Skeleton      Necr           100%       N/A       1%          1
c - Vampiric Draining     Necr           27%        2d9       1%          3
d - Shock                 Conj/Air       100%       1d9       1%          1
e - Animate Dead          Necr           27%        N/A       1%          4
f - Swiftness             Air            45%        N/A       1%          3
g - Sting                 Tmut/Pois      88%        1d7       1%          1
h - Mephitic Cloud        Conj/Pois/Air  35%        N/A       1%          3
i - Airstrike             Air            22%        N/A       2%          4
j - Ignite Poison         Fire/Tmut/Pois 22%        N/A       7%          3
k - Lightning Bolt        Conj/Air       19%        1d34      13%         5

Your spell library contained the following spells:

 Spells                   Type           Power      Damage    Failure   Level
 Poisonous Vapours        Pois/Air       70%        N/A       1%          2
 Static Discharge         Conj/Air       39%        N/A       1%          2
 Agony                    Necr           55%        N/A       2%          5
 Apportation              Tloc           32%        N/A       3%          1
 Corona                   Hex            17%        N/A       3%          1
 Summon Small Mammal      Summ           64%        N/A       3%          1
 Olgreb's Toxic Radiance  Pois           26%        N/A       14%         4


Dungeon Overview and Level Annotations

Branches:
Dungeon (8/15)             Temple (1/1) D:4            Lair (1/6) D:8
Ossuary (visited)

Altars:
Cheibriados
Elyvilon
Kikubaaqudgha
Makhleb
Okawaru
Ru
Sif Muna
Trog
Uskayaw
Xom
Zin

Shops:
D:4 =   D:5 (*(*!

Annotations:
D:6 1 runed translucent door, Drazool's ghost, novice HOHu


Innate Abilities, Weirdness & Mutations

You have a pair of small horns on your head.
You expend magic power (3 MP) to strengthen your wands.


Message History

Confirm with . or Enter, or press ? or * to list all spells.
Aiming: Mephitic Cloud (safe; 1% risk of failure)
Press: ? - help, Shift-Dir - straight line, f/p - komodo dragon
Aim: a komodo dragon (moderately wounded, chance to affect: 62%)
The ball explodes into a vile cloud!
The stinking cloud engulfs the komodo dragon but does no damage.
The komodo dragon is moderately wounded.
The komodo dragon is engulfed in noxious fumes.
The komodo dragon misses you.
Things that are here:
a water moccasin skeleton; a cane toad skeleton You see here 4 datura-tipped darts.
Casting: Mephitic Cloud (safe; 1% risk of failure)
Confirm with . or Enter, or press ? or * to list all spells.
Aiming: Vampiric Draining (safe; 1% risk of failure)
Press: ? - help, Shift-Dir - straight line, f/p - komodo dragon
Aim: a komodo dragon (moderately wounded)
You draw life force from the komodo dragon!
The komodo dragon bites you!!
Ouch! That really hurt!
Unknown command.
Casting: Vampiric Draining (safe; 1% risk of failure)
Confirm with . or Enter, or press ? or * to list all spells.
Aiming: Vampiric Draining (safe; 1% risk of failure)
Press: ? - help, Shift-Dir - straight line, f/p - komodo dragon
Aim: a komodo dragon (heavily wounded)
You draw life force from the komodo dragon!
You feel life coursing into your body. The komodo dragon bites you!
Casting: Vampiric Draining (safe; 1% risk of failure)
Confirm with . or Enter, or press ? or * to list all spells.
Aiming: Vampiric Draining (safe; 1% risk of failure)
Press: ? - help, Shift-Dir - straight line, f/p - komodo dragon
Aim: a komodo dragon (severely wounded)
You draw life force from the komodo dragon!
You feel life coursing into your body. The komodo dragon bites you.
You hit the komodo dragon but do no damage.
The komodo dragon is poisoned.
The komodo dragon is almost dead.
The komodo dragon bites you!!
You die...

##+#.# ## #..### #..
#.####'#.### ..#
###.........# #.#
###.+.........#
###.######.#...........##
#..........#.............
##..........P.#.........P.
#........@l..(รท...........
#..<........##.........##
#..).......##P........##
#........^.###........#
#..........# ####.##.##..
#P..........# ##...#i.i
######..##P## #....#i##
#..##### #.##.#.# #.## ..
.##.#


You could see a komodo dragon (very poisoned).

Vanquished Creatures
  Harold (D:8)
  Pikel (D:8)
  Maggie (D:8)
  3 cane toads (Lair:1)
  A wyvern (D:7)
  3 yaks (Lair:1)
  Eustachio (D:4)
  A steam dragon (D:6)
  An acid dragon (D:8)
  2 wargs (D:7)
  5 water moccasins
  2 orc warriors
  Duvessa (D:6)
  An ice beast (D:7)
  2 black bears
  An ogre (D:5)
  4 centaurs
  A lemure (D:7)
  4 elf zombies (Ossuary)
  A kobold brigand (D:7)
  3 bullfrogs
  4 scorpions
  Dowan (D:6)
  A wyvern skeleton (D:6)
  8 killer bees
  5 howler monkeys (D:7)
  3 hounds
  3 orc priests
  3 iguanas
  Ijyb (D:4)
  8 orc wizards
  2 mummies (Ossuary)
  7 gnolls
  7 adders
  4 white imps
  An ufetubus (D:4)
  2 adder zombies (Ossuary)
  3 worms
  2 dart slugs
  25 orcs
  2 endoplasms
  5 giant cockroaches
  4 goblins
  7 hobgoblins
  11 jackals
  2 quokkas
  13 ball pythons
  2 bats
  4 frilled lizards (D:1)
  2 goblin zombies (Ossuary)
  10 hobgoblin zombies (Ossuary)
  8 kobolds
  6 kobold zombies (Ossuary)
  11 orc zombies (Ossuary)
  7 rats
  2 rat zombies (Ossuary)
226 creatures vanquished.

Vanquished Creatures (others)
  A fungus (Lair:1)
  16 plants (Lair:1)
17 creatures vanquished.

Grand Total: 243 creatures vanquished

Notes
Turn   | Place    | Note
-------+----------+-------------------------------------------
     0 | D:1      | bobarctor the Deep Elf Necromancer began the quest for the
                  | Orb.
     0 | D:1      | Reached XP level 1. HP: 10/10 MP: 6/6
   190 | D:1      | Reached skill level 5 in Necromancy
   455 | D:1      | Reached XP level 2. HP: 11/15 MP: 5/8
  1466 | D:1      | Reached XP level 3. HP: 6/19 MP: 0/10
  1719 | D:1      | Learned a level 1 spell: Animate Skeleton
  1723 | D:1      | Learned a level 3 spell: Vampiric Draining
  2067 | D:2      | Reached skill level 4 in Spellcasting
  2285 | D:2      | Found a glowing silver altar of Zin.
  2879 | D:2      | Found a faded altar of an unknown god.
  3000 | D:3      | Learned a level 1 spell: Shock
  3021 | D:3      | Reached XP level 4. HP: 18/24 MP: 6/12
  3109 | D:3      | Learned a level 4 spell: Animate Dead
  4183 | D:4      | Found Becaridd's Jewellery Shoppe.
  4199 | D:4      | Bought a ring of magical power for 200 gold pieces
  4213 | D:4      | Reached skill level 5 in Spellcasting
  4389 | D:4      | Reached XP level 5. HP: 28/28 MP: 15/15
  4392 | D:4      | Noticed Ijyb
  4599 | D:4      | Paralysed by Ijyb for 7 turns
  4608 | D:4      | Killed Ijyb
  4609 | D:4      | Reached skill level 1 in Conjurations
  4609 | D:4      | Reached skill level 1 in Air Magic
  4713 | D:4      | Found a staircase to the Ecumenical Temple.
  4721 | Temple   | Entered the Ecumenical Temple
  4729 | Temple   | Learned a level 3 spell: Swiftness
  4743 | Temple   | Became a worshipper of Warmaster Okawaru
  5034 | D:4      | Noticed a black bear
  5041 | D:4      | Killed a black bear
  5042 | D:4      | Reached skill level 6 in Spellcasting
  5042 | D:4      | Reached XP level 6. HP: 25/32 MP: 17/17
  5113 | D:4      | Learned a level 1 spell: Sting
  5117 | D:4      | Learned a level 3 spell: Mephitic Cloud
  5444 | D:5      | Entered Level 5 of the Dungeon
  5457 | D:5      | Found Nuycal's Assorted Antiques.
  5457 | D:5      | Found Wutij's General Store.
  5458 | D:5      | Found Kuweunem's Distillery.
  5564 | D:5      | Found a sand-covered staircase.
  5569 | Ossuary  | Entered an ossuary
  6146 | Ossuary  | Reached XP level 7. HP: 24/36 MP: 19/19
  6273 | Ossuary  | Reached * piety under Okawaru
  6274 | Ossuary  | Reached skill level 7 in Spellcasting
  6764 | D:5      | Found Silikhit's Antique Weapon Shoppe.
  6948 | D:5      | Found Guosaenu's Antique Weapon Shoppe.
  7145 | D:5      | Reached skill level 8 in Spellcasting
  7167 | D:5      | Reached XP level 8. HP: 20/42 MP: 16/22
  7229 | D:5      | Reached ** piety under Okawaru
  7838 | D:5      | Reached skill level 9 in Spellcasting
  8098 | D:6      | Learned a level 4 spell: Airstrike
  8102 | D:6      | Learned a level 3 spell: Ignite Poison
  8375 | D:6      | Identified a scroll of acquirement
  8375 | D:6      | Acquired 757 gold pieces
  8489 | D:5      | Bought a scroll of identify for 38 gold pieces
  8557 | D:4      | Noticed Eustachio
  8565 | D:4      | Killed Eustachio
  8813 | D:5      | Bought a potion of heal wounds for 75 gold pieces
  8813 | D:5      | Bought a potion of mutation for 120 gold pieces
  8813 | D:5      | Bought a scroll of teleportation for 45 gold pieces
  8813 | D:5      | Bought a scroll of identify for 30 gold pieces
  8822 | D:5      | Bought a potion of curing for 36 gold pieces
  8822 | D:5      | Bought 2 potions of mutation for 192 gold pieces
  8822 | D:5      | Bought a potion of curing for 36 gold pieces
  8919 | D:6      | Reached skill level 10 in Spellcasting
  8944 | D:6      | Noticed Duvessa
  8995 | D:6      | Noticed Dowan
  9006 | D:6      | Killed Duvessa
  9009 | D:6      | Killed Dowan
  9258 | D:6      | Reached XP level 9. HP: 46/46 MP: 19/25
  9329 | D:6      | Learned a level 5 spell: Lightning Bolt
  9365 | D:6      | Found a runed translucent door.
  9366 | D:6      | Found a shimmering altar of Xom.
  9366 | D:6      | Noticed a +2 long sword of chaos
  9366 | D:6      | Noticed Drazool's ghost (novice HOHu)
  9414 | D:6      | Reached *** piety under Okawaru
  9870 | D:7      | Reached skill level 11 in Spellcasting
 10560 | D:7      | Reached skill level 1 in Poison Magic
 10732 | D:8      | Noticed Harold
 10753 | D:8      | Noticed Pikel
 10754 | D:8      | Killed Harold
 10754 | D:8      | Reached **** piety under Okawaru
 10755 | D:8      | Reached skill level 12 in Spellcasting
 10755 | D:8      | Reached skill level 5 in Invocations
 10922 | D:8      | Noticed Maggie
 11006 | D:8      | Reached XP level 10. HP: 19/51 MP: 19/28
 11885 | D:8      | Upgraded the game from 0.27-a0-1273-gec92ba881d to
                  | 0.27-a0-1278-g6cbc8dfb29
 11894 | D:8      | Found a staircase to the Lair.
 11942 | D:8      | Reached skill level 13 in Spellcasting
 12237 | D:8      | Killed Maggie
 12237 | D:8      | Reached ***** piety under Okawaru
 12319 | D:8      | Reached skill level 5 in Air Magic
 12417 | D:8      | Killed Pikel
 12536 | Lair:1   | Entered Level 1 of the Lair of Beasts
 12573 | Lair:1   | Gained mutation: You possess an exceptional clarity of
                  | mind. [potion of mutation]
 12573 | Lair:1   | Gained mutation: Armour fits poorly on your strangely
                  | shaped body. [potion of mutation]
 12573 | Lair:1   | Gained mutation: You are robust. (+10% HP) [potion of
                  | mutation]
 12574 | Lair:1   | Lost mutation: Armour fits poorly on your strangely shaped
                  | body. [potion of mutation]
 12574 | Lair:1   | Lost mutation: You possess an exceptional clarity of mind.
                  | [potion of mutation]
 12574 | Lair:1   | Gained mutation: Armour fits poorly on your strangely
                  | shaped body. [potion of mutation]
 12575 | Lair:1   | Lost mutation: You are robust. (+10% HP) [potion of
                  | mutation]
 12575 | Lair:1   | Lost mutation: Armour fits poorly on your strangely shaped
                  | body. [potion of mutation]
 12575 | Lair:1   | Gained mutation: You expend magic power (3 MP) to
                  | strengthen your wands. [potion of mutation]
 12575 | Lair:1   | Gained mutation: You have a pair of small horns on your
                  | head. [potion of mutation]
 12812 | Lair:1   | Noticed a cane toad
 12817 | Lair:1   | Killed a cane toad
 12817 | Lair:1   | Received a gift from Okawaru
 12915 | Lair:1   | Noticed a spriggan rider
 12916 | Lair:1   | Noticed a spriggan rider
 12948 | Lair:1   | Noticed a cane toad
 12952 | Lair:1   | Killed a cane toad
 13038 | Lair:1   | Noticed a cane toad
 13045 | Lair:1   | Killed a cane toad
 13055 | Lair:1   | Reached skill level 14 in Spellcasting
 13106 | Lair:1   | Slain by a komodo dragon

Illustrated notes

Levels and vault maps discovered:
D:1:      dpeg_arrival_brainrot, layout_basic, minmay_misc_feat_roman
D:2:      layout_loops_ring, basic_altar, shapermc_ecumenical_altar_notcrosses
D:3:      layout_loops_ring
D:4:      layout_gridville, minmay_temple_entry_hall, serial_shops, shop,
          uniq_eustachio, uniq_ijyb
D:5:      minmay_recursive_quarters, layout_cave_pools, serial_shops, shop,
          shop, shop, shop, shop, nicolae_ossuary_entry_false_entrances
D:6:      layout_basic, ebering_ghost_xom, kennysheep_nub, chequers_garden,
          wad_floor_pattern_1, minmay_tree_intersection, uniq_duvessa
D:7:      layout_loops_ring, chequers_mini_garden
D:8:      layout_cave_pools, erik_lair_orcish_takeover, uniq_pikel, uniq_harold,
          uniq_maggie
Temple:   nicolae_temple_the_god_donut
Lair:1:   layout_roguey, gammafunk_ghost_wrathful_warriors,
          infiniplex_staircase_pool, serial_bayou_shore_a

Skill      XL: |  1  2  3  4  5  6  7  8  9 10 |
---------------+-------------------------------+-----
Necromancy     | 5 6 7 8 9 |  9.0
Spellcasting   | 4 5 6 8 10 12 14 | 14.0
Conjurations   | 1 2 3 |  3.9
Air Magic      | 1 2 3 4 6 |  6.3
Stealth        | 3 4 |  4.2
Invocations    | 2 4 5 6 |  6.5
Dodging        | 3 4 |  4.3
Poison Magic   | 1 2 |  2.2
Fighting       | |  0.7
Transmutations | |  0.6
Fire Magic     | |  0.9

Action                   |  1- 3 |  4- 6 |  7- 9 | 10-12 || total
-------------------------+-------+-------+-------+-------++-------
Melee: Whip              |     4 |       |       |     3 ||     7
       Short sword       |       |    56 |    62 |    10 ||   128
Throw: Stone             |       |     9 |       |       ||     9
 Cast: Pain              |    89 |    77 |   107 |     4 ||   277
       Vampiric Draining |       |    11 |    45 |    42 ||    98
       Shock             |       |    57 |    58 |       ||   115
       Mephitic Cloud    |       |       |    30 |    11 ||    41
       Swiftness         |       |       |     3 |     1 ||     4
       Ignite Poison     |       |       |    12 |     7 ||    19
       Airstrike         |       |       |     4 |    22 ||    26
       Animate Dead      |       |       |     1 |     1 ||     2
  Use: Scroll            |       |    12 |     5 |     3 ||    20
       Potion            |       |       |     1 |     3 ||     4
 Stab: Sleeping          |       |     2 |       |       ||     2
       Confused          |       |       |       |     1 ||     1
Armor: Robe              |     3 |    28 |    17 |    13 ||    61
       Steam dragon scal |       |       |       |     1 ||     1
Dodge: Dodged            |     6 |    49 |    64 |    58 ||   177

Table legend: (Time is in decaauts)
 A = Elapsed time spent in this place.
 B = Non-inter-level travel time spent in this place.
 C = Inter-level travel time spent in this place.
 D = Time resting spent in this place.
 E = Time spent auto-exploring this place.
 F = Levels seen in this place.
 G = Mean time per level.
                   A        B        C        D        E       F      G
               +--------+--------+--------+--------+--------+-----+--------+
         Total |  13124 |  12464 |    660 |   5254 |   5200 |  11 | 1193.1 |
       Dungeon |  11612 |  10963 |    649 |   4587 |   5034 |   8 | 1451.5 |
        Temple |     34 |     23 |     11 |      0 |     13 |   1 |   34.0 |
          Lair |    360 |    360 |      0 |    165 |     78 |   1 |  360.0 |
       Ossuary |   1117 |   1117 |      0 |    502 |     75 |   1 | 1117.0 |
               +--------+--------+--------+--------+--------+-----+--------+

Top non-repeatable levels by time:
     D:7: 2016 daAuts
     D:1: 1976 daAuts
     D:5: 1697 daAuts
     D:4: 1403 daAuts
     D:6: 1319 daAuts
     D:3: 1208 daAuts
 Ossuary: 1117 daAuts
     D:2: 1039 daAuts
     D:8: 949 daAuts
  Lair:1: 360 daAuts
  Temple: 34 daAuts
